 Seeded DCSS version 0.29.1-13-g9f3cf754e1 (webtiles) character file.

Game seed: 18334199546629406935 (custom seed)

2286 mathmaestro the Merchant of Misery (level 9, -7/67 HPs)
             Began as a Demonspawn Necromancer on Jan 26, 2023.
             Was a Believer of Kikubaaqudgha.
             Mangled by an orc warlord
             ... wielding a +6 battleaxe
              (41 damage)
             ... in a bailey.
             The game lasted 00:17:09 (7014 turns).

mathmaestro the Merchant of Misery (DsNe)           Turns: 7014, Time: 00:17:09

Health: -7/67      AC:  8    Str: 14    XL:     9   Next: 17%
Magic:  13/16      EV: 13    Int: 22    God:    Kikubaaqudgha [**....]
Gold:   445        SH:  0    Dex: 13    Spells: 4/18 levels left

rFire   . . .      SeeInvis .   r - +4 flail (protect)
rCold   . . .      Faith    .   (no shield)
rNeg    . . .      Spirit   .   E - +2 robe {Archmagi}
rPois   .          Reflect  .   (helmet restricted)
rElec   .          Harm     .   t - +0 cloak
rCorr   .          Rampage  .   l - +0 pair of gloves
Will    .....      Archmagi +   F - +0 pair of boots
Stlth   +++.......              (no amulet)
HPRegen 0.21/turn               g - +6 ring of strength
MPRegen 0.30/turn               p - ring of flight

@: flying
A: antennae 1, rugged brown scales 1, powered by death 2, magic regeneration
a: Renounce Religion, Unearth Wretches


You were in a bailey.
You worshipped Kikubaaqudgha.
Kikubaaqudgha was pleased with you.
You visited 1 branch of the dungeon, and saw 7 of its levels.
You also visited: Sewer and Bailey.

You collected 445 gold pieces.

Inventory:

Hand Weapons
 r - a +4 flail of protection (weapon)
Missiles
 B - 4 javelins
 D - 11 boomerangs (quivered)
Armour
 l - a +0 pair of gloves (worn)
 t - a +0 cloak (worn)
 E - a +2 robe of the Archmagi (worn)
 F - a +0 pair of boots (worn)
Jewellery
 g - a +6 ring of strength (left hand)
 p - a ring of flight (right hand)
 G - a ring of protection from cold
Scrolls
 a - a scroll of summoning {unknown}
 d - a scroll of noise {unknown}
 f - 3 scrolls of immolation
 j - a scroll of blinking {unknown}
 k - 5 scrolls of teleportation
 n - 2 scrolls of fear {unknown}
 o - 3 scrolls of magic mapping
 q - 5 scrolls of fog
 x - a scroll of amnesia {unknown}
 y - a scroll of enchant armour
 A - a scroll of enchant weapon {unknown}
Potions
 b - a potion of magic
 c - 4 potions of curing
 e - 3 potions of lignification {unknown}
 h - 4 potions of haste {unknown}
 i - 4 potions of might
 m - a potion of flight {unknown}
 s - 3 potions of degeneration {unknown}
 u - 4 potions of heal wounds {unknown}
 v - a potion of cancellation {unknown}
 w - 3 potions of mutation {unknown}
 z - 4 potions of invisibility {unknown}
 C - a potion of berserk rage {unknown}
 H - a potion of resistance {unknown}


   Skills:
 + Level 4.7 Fighting
 - Level 5.0 Dodging
 - Level 5.0 Stealth
 + Level 5.0 Spellcasting
 * Level 4.7 Hexes
 + Level 7.1 Necromancy


You had 4 spell levels left.
You knew the following spells:

 Your Spells              Type           Power      Damage    Failure   Level
a - Necrotise             Necr           100%       1d9       1%          1
b - Vampiric Draining     Necr           53%        2d9       1%          3
c - Animate Dead          Necr           53%        N/A       5%          4
d - Anguish               Hex/Necr       23%        N/A       9%          4
e - Sublimation of Blood  Necr           53%        N/A       1%          2

Your spell library contained the following spells:

 Spells                   Type           Power      Damage    Failure   Level
 Slow                     Hex            100%       N/A       1%          1
 Confusing Touch          Hex            39%        N/A       4%          3
 Blink                    Tloc           16%        N/A       16%         2
 Lesser Beckoning         Tloc           8%         N/A       30%         3
 Petrify                  Tmut/Erth      8%         N/A       69%         4
 Agony                    Necr           53%        N/A       16%         5
 Metabolic Englaciation   Hex/Ice        11%        N/A       71%         5
 Manifold Assault         Tloc           8%         N/A       95%         5
 Statue Form              Tmut/Erth      5%         N/A       100%        6


Dungeon Overview and Level Annotations

Branches:
Dungeon (7/15)             Temple (0/1) D:7           Sewer (visited)
 Bailey (1/1)

Altars:
Kikubaaqudgha

Annotations:
D:4 1 runed translucent door, hawla's ghost, weakling MeIE


Innate Abilities, Weirdness & Mutations

You have a pair of small antennae on your head.
You are partially covered in rugged brown scales. (AC +1, +3% HP)
You regenerate health from kills.
You regenerate magic rapidly.


Message History

The boomerang barely misses the orc warlord.
Things that are here:
a +0 war axe; a +0 leather armour
There is an open door, spattered with blood here.
Items here: )))) [[[[ ÷÷÷÷.
Things that are here:
a +0 hand axe; a +0 leather armour; a hobgoblin skeleton The orc warlord roars a battlecry!
There is an open door here.
Things that are here:
a +0 hand axe; a +0 leather armour
Items here: )) [[.
There is an open gate, spattered with blood here.
Throw: 12 boomerangs
Press: ? - help, Q - select action, (/) - cycle Shift-Dir - straight line, f/p - orc warlord
Aim: an orc warlord, wielding a +6 battleaxe and wearing a +0 plate armour (70% to hit)
You throw a boomerang.
The boomerang hits the orc warlord but does no damage.
Casting: Anguish (dangerous; 9% risk of failure)
Confirm with . or Enter, or press ? or * to list all spells.
Casting: Anguish (dangerous; 9% risk of failure)
Press: ? - help, Dir - look around, f - activate You feel a surge of power!
The orc warlord is haunted by guilt!
Unknown command.
Throw: 12 boomerangs
Press: ? - help, Q - select action, (/) - cycle Shift-Dir - straight line, f - orc warlord
Aim: an orc warlord, wielding a +6 battleaxe and wearing a +0 plate armour (anguished, 70% to hit)
You throw a boomerang.
The boomerang hits the orc warlord but does no damage.
The orc warlord attacks as you move away!
The orc warlord hits you with a +6 battleaxe!!
The orc warlord is wracked by anguish!!
The orc warlord attacks as you move away!
The orc warlord hits you with a +6 battleaxe.
The orc warlord is wracked by anguish.
The orc warlord attacks as you move away!
The orc warlord hits you with a +6 battleaxe!!!
Ouch! That really hurt!
You die...
Kikubaaqudgha rasps: "You have failed me!
Welcome... death!"

♣♣♣♣♣
♣♣♣♣♣♣♣♣♣♣.∩.♣♣♣♣♣♣♣♣♣♣
♣♣≈≈≈≈≈≈.........≈≈≈≈≈≈♣♣
♣♣≈≈≈≈≈≈≈....∩....≈≈≈≈≈≈≈♣
♣♣≈≈≈#####@........#####≈≈≈
♣≈≈≈##...##o......##{..##≈≈
♣≈≈##.....##.....##.....##≈
♣≈##...8...##'''##...8...##
♣##.........)..)..........#
#.........)...............
#..8..8.............8..8..
#.........................
##......####...####......#


You could see an orc warlord (anguished).

Vanquished Creatures
  Sigmund (D:6)
  A wyvern (D:6)
  A water moccasin (D:7)
  An orc warrior (Bailey)
  An ice beast (D:6)
  A sky beast (D:7)
  2 ogres
  A black bear (D:6)
  A phantom (D:5)
  3 bullfrogs
  A jelly (D:4)
  2 hounds (D:5)
  An orc priest (D:5)
  An iguana (D:6)
  3 orc wizards (D:5)
  A river rat (Sewer)
  9 adders
  11 gnolls
  2 shadow imps (D:6)
  2 white imps (D:6)
  4 ufetubi
  2 worms
  2 dart slugs
  24 orcs
  8 endoplasms
  2 giant cockroaches
  5 goblins
  5 hobgoblins
  3 quokkas
  15 ball pythons
  4 bats
  7 kobolds
  21 rats
148 creatures vanquished.

Vanquished Creatures (collateral kills)
  A bullfrog (Sewer)
  An endoplasm (D:2)
  5 ball pythons
  2 frilled lizards (Sewer)
  A kobold (Bailey)
  7 rats
17 creatures vanquished.

Vanquished Creatures (others)
  A troll (D:5)
  2 orc warriors (Bailey)
  5 gnoll zombies
  2 goblins (Bailey)
  A kobold (Bailey)
  A ball python zombie (Sewer)
  2 goblin zombies (Bailey)
  4 kobold zombies (Bailey)
  6 orc zombies
  4 demonic plants (D:6)
  A withered plant (D:4)
29 creatures vanquished.

Grand Total: 194 creatures vanquished

Notes
Turn   | Place    | Note
-------+----------+-------------------------------------------
     0 | D:1      | mathmaestro the Demonspawn Necromancer began the quest for
                  | the Orb.
     0 | D:1      | Reached XP level 1. HP: 13/13 MP: 3/3
   515 | D:1      | Gained mutation: You are partially covered in rugged brown
                  | scales. (AC +1, +3% HP) [demonic ancestry]
   515 | D:1      | Reached XP level 2. HP: 14/20 MP: 3/5
  1295 | D:2      | Reached skill level 1 in Fighting
  1295 | D:2      | Reached XP level 3. HP: 13/26 MP: 1/6
  1866 | D:2      | Gained mutation: You have a pair of small antennae on your
                  | head. [demonic ancestry]
  1866 | D:2      | Reached XP level 4. HP: 32/32 MP: 4/7
  2083 | D:2      | Learned a level 3 spell: Vampiric Draining
  2088 | D:2      | Learned a level 4 spell: Animate Dead
  2124 | D:3      | Found a glowing drain.
  2150 | D:3      | Found a faded altar of an unknown god.
  2174 | Sewer    | Entered a sewer
  2536 | Sewer    | Reached XP level 5. HP: 31/39 MP: 1/9
  2652 | Sewer    | Reached skill level 5 in Necromancy
  2664 | Sewer    | Gained mutation: You regenerate magic rapidly. [demonic
                  | ancestry]
  2664 | Sewer    | Reached XP level 6. HP: 31/46 MP: 6/10
  3563 | D:4      | Found an ancient bone altar of Kikubaaqudgha.
  3574 | D:4      | Became a worshipper of Kikubaaqudgha
  3936 | D:4      | Found a runed translucent door.
  3949 | D:4      | Noticed hawla's ghost (weakling MeIE)
  4470 | D:5      | Entered Level 5 of the Dungeon
  4642 | D:5      | Gained mutation: You regenerate a little health from kills.
                  | [demonic ancestry]
  4642 | D:5      | Reached XP level 7. HP: 32/53 MP: 12/12
  5068 | D:5      | Reached * piety under Kikubaaqudgha
  5068 | D:5      | Received a gift from Kikubaaqudgha
  5076 | D:5      | Learned a level 4 spell: Anguish
  5190 | D:5      | Noticed a troll
  5199 | D:5      | Killed a troll
  5200 | D:5      | Reached skill level 1 in Hexes
  5200 | D:5      | Reached skill level 6 in Necromancy
  5319 | D:5      | Learned a level 2 spell: Sublimation of Blood
  5727 | D:6      | Reached XP level 8. HP: 58/61 MP: 14/14
  5824 | D:6      | Noticed Sigmund
  5976 | D:6      | Killed Sigmund
  6532 | D:7      | Reached skill level 5 in Stealth
  6543 | D:7      | Found a flagged portal.
  6561 | Bailey   | Entered a bailey
  6632 | Bailey   | Noticed an orc warlord
  6640 | Bailey   | Gained mutation: You regenerate health from kills. [demonic
                  | ancestry]
  6640 | Bailey   | Reached XP level 9. HP: 63/67 MP: 5/16
  6713 | Bailey   | Reached skill level 7 in Necromancy
  6752 | Bailey   | Found a runed translucent gate.
  6755 | Bailey   | Found a runed translucent gate.
  6757 | Bailey   | Found a runed translucent gate.
  6776 | Bailey   | Reached ** piety under Kikubaaqudgha
  6777 | Bailey   | Reached skill level 5 in Dodging
  6777 | Bailey   | Reached skill level 5 in Spellcasting
  7014 | Bailey   | Mangled by an orc warlord

Illustrated notes

Levels and vault maps discovered:
D:1:      shiori_shiawase, layout_loops_ring, st_stairs_7
D:2:      layout_basic, minmay_large_rounded_square
D:3:      layout_basic, portal_sewer_entry_a, hellmonk_ecumenical_altar_blasted
D:4:      layout_loops_corners, kiku_gazebo_garden_becter, ebering_ghost_sewer_d
D:5:      layout_basic
D:6:      layout_cave_pools, serial_demonic, serial_demonic_b, serial_demonic_c,
          serial_demonic_d, serial_demonic_g, uniq_sigmund
D:7:      layout_basic, lemuel_coloured_pillars_altar,
          minmay_temple_entry_mini_moons, enter_bailey_2
Bailey:   bailey_axe_bossmonster_kennysheep, bailey

Skill      XL: |  1  2  3  4  5  6  7  8  9 |
---------------+----------------------------+-----
Stealth        | 2 3 4 5 |  5.0
Dodging        | 2 3 4 5 |  5.0
Fighting       | 1 2 3 4 |  4.7
Spellcasting   | 3 4 5 |  5.0
Necromancy     | 5 6 7 |  7.1
Hexes          | 2 4 |  4.7

Action                   |  1- 3 |  4- 6 |  7- 9 || total
-------------------------+-------+-------+-------++-------
Melee: Whip              |    17 |       |       ||    17
       Flail             |     1 |    80 |   176 ||   257
       Punch             |       |     1 |     3 ||     4
Throw: Boomerang         |       |       |     4 ||     4
 Cast: Necrotise         |    53 |    40 |    22 ||   115
       Vampiric Draining |       |     6 |    25 ||    31
       Animate Dead      |       |     2 |     4 ||     6
       Anguish           |       |       |     9 ||     9
  Use: Scroll            |       |     6 |     4 ||    10
 Stab: Sleeping          |     2 |     4 |     2 ||     8
Armor: Robe              |     5 |    37 |    88 ||   130
Dodge: Dodged            |    25 |    46 |   186 ||   257
